 Seeded DCSS version 0.27.1-35-g4d5d836560 (webtiles) character file.

Game seed: 1001837481477946641 (custom seed)

4 Hubjo the Ruffian (level 1, 0/22 HPs)
             Began as a Troll Monk on Apr 13, 2022.
             Slain by a kobold (4 damage)
             ... on level 1 of the Dungeon.
             The game lasted 00:00:56 (355 turns).

Hubjo the Ruffian (Troll Monk)                       Turns: 355, Time: 00:00:56

Health: 0/22       AC:  4    Str: 18    XL:     1   Next: 58%
Magic:  0/0        EV: 10    Int:  6    God:
Gold:   12         SH:  0    Dex: 12    Spells: 0/0 levels left

rFire    . . .     SeeInvis .     - Unarmed
rCold    . . .     Faith    .   (no shield)
rNeg     . . .     Spirit   .   a - +0 robe
rPois    .         Reflect  .   (helmet restricted)
rElec    .         Harm     .   (no cloak)
rCorr    .         Rampage  .   (gloves unavailable)
Will     .....                  (boots unavailable)
Stlth    ++........             (no amulet)
HPRegen  1.07/turn              (no ring)
MPRegen  0.07/turn              (no ring)

@: no status effects
A: large, unfitting armour, claws 3, regeneration 1, shaggy fur 1, tough skin 1
a: no special abilities


You were on level 1 of the Dungeon.
You visited 1 branch of the dungeon, and saw 1 of its levels.

You collected 12 gold pieces.

Inventory:

Armour
 a - a +0 robe (worn)
Scrolls
 b - 2 scrolls of amnesia {unknown}
 c - a scroll of acquirement


   Skills:
 + Level 2.4 Fighting
 + Level 2.4 Dodging
 + Level 1.0 Stealth
 + Level 3.2 Unarmed Combat


You couldn't memorise any spells.
You didn't know any spells.
Your spell library was empty.

Dungeon Overview and Level Annotations

Branches:
Dungeon (1/15)

Altars:


Innate Abilities, Weirdness & Mutations

You are too large for most types of armour.
You have claws for hands.
Your natural rate of healing is unusually fast.
You are covered in fur. (AC +1)
You have tough skin. (AC +1)


Message History

The kobold hits you with a +0 short sword.
The bat hits you. The kobold barely misses you.
The bat hits you but does no damage. The kobold hits you but does no damage.
The kobold hits you with a +0 short sword.
The bat closely misses you. The kobold barely misses you.
The bat hits you but does no damage.
The kobold hits you with a +0 short sword.
* * * LOW HITPOINT WARNING * * *
The bat hits you.
* * * LOW HITPOINT WARNING * * *
The bat misses you.
The kobold hits you with a +0 short sword.
* * * LOW HITPOINT WARNING * * *
The bat hits you but does no damage. The bat barely misses you.
The kobold barely misses you. The bat hits you but does no damage.
The kobold closely misses you. The bat barely misses you.
The kobold hits you with a +0 short sword.
* * * LOW HITPOINT WARNING * * *
The bat closely misses you. The kobold closely misses you.
The kobold hits you with a +0 short sword.
* * * LOW HITPOINT WARNING * * *
The bat closely misses you. The bat hits you.
* * * LOW HITPOINT WARNING * * *
The kobold misses you. The bat hits you.
* * * LOW HITPOINT WARNING * * *
The kobold closely misses you. The kobold hits you but does no damage.
The bat hits you.
* * * LOW HITPOINT WARNING * * *
The bat closely misses you.
The kobold hits you with a +0 short sword.
* * * LOW HITPOINT WARNING * * *
The kobold closely misses you. The bat barely misses you.
The bat barely misses you. x2; The kobold barely misses you.
The bat hits you.
* * * LOW HITPOINT WARNING * * *
The bat barely misses you.
The kobold hits you with a +0 short sword.
You die...

.........# ........# .......#
####### . ...... #.....# ..
....# #.....# ...## #. ...#
#.....# P♣..### #. ####K#
#.....# P....##. #.##..b@#
##.....# .P...P...#....####
###......# ....♣..#.....##
##........#
.P.....###...######..##.....#
...P...# #.....#....####.####
..P..P# #..##...#######.#
...P..##....##...# #...#
.P....##.##....#.## #.###
.........####..#..## #.#


You could see a bat and a kobold.

Vanquished Creatures
  An endoplasm (D:1)
  A goblin (D:1)
  A ball python (D:1)
  2 frilled lizards (D:1)
5 creatures vanquished.

Notes
Turn   | Place    | Note
-------+----------+-------------------------------------------
     0 | D:1      | Hubjo the Troll Monk began the quest for the Orb.
     0 | D:1      | Reached XP level 1. HP: 22/22 MP: 0/0
    35 | D:1      | Found a faded altar of an unknown god.
    94 | D:1      | Identified a scroll of acquirement
   348 | D:1      | HP: 1/22 [kobold (5)]
   355 | D:1      | Slain by a kobold

Illustrated notes

Levels and vault maps discovered:
D:1:      wander_arrival_fairy_ring, layout_rooms,
          ebering_ecumenical_altar_abandoned

Action                   || total
-------------------------++-------
Melee: Unarmed           ||     8
  Use: Scroll            ||     1
Armor: Robe              ||   174
Dodge: Dodged            ||   263
